AoeStats
← Ana Catalina

African Clearing

505494552Analyzed
4v4 RM · 22d ago on Sep 9, 2026· 36m 15s· 8 players
Game mode
Random Map
Map size
Large (8 player)
Population
200
Speed
Normal
Resources
Standard
Victory
Conquest
Starting age
Dark Age
Ending age
Imperial Age
RankedLock teamsTeams togetherTeam positionsShared explorationLock speedFull tech treeHidden civsTurbo modeCheats
Victory
Defeat
🇺🇸 Vietnamese · United States
1012
+5
🇨🇱 Ethiopians · Chile
798
+11
578
+20
🇨🇳 Mongols · China
567
+20
🇩🇪 Poles · Germany
770
-17
🇩🇪 Wei · Germany
711
-15
🇧🇷 Huns · Brazil
639
-12
🇬🇧 Hindustanis · United Kingdom
635
-12
Ana Catalina
4:50 Loom
16:20 Feudal Age
17:06 Double-Bit Axe
17:49 Horse Collar
20:14 Gold Mining
28:46 Castle Age
27:49 Stone Mining
29:15 Town Watch
29:52 Fletching
30:03 Padded Archer Armor
30:15 Forging
adz0615
14:53 Feudal Age
16:16 Double-Bit Axe
22:55 Castle Age
21:12 Gold Mining
henriquetsevero
4:25 Loom
19:00 Feudal Age
20:29 Wheelbarrow
19:59 Stone Mining
19:59 Horse Collar
21:02 Town Watch
22:50 Man-at-Arms
H.B.[2-1-6]V.C.
7:44 Loom
16:26 Feudal Age
29:40 Fletching
32:22 Forging
32:18 Scale Barding Armor
32:14 Padded Archer Armor
MyGO!!!!! Dr. Shiina Taki
6:49 Loom
15:20 Feudal Age
20:22 Castle Age
19:58 Double-Bit Axe
28:41 Marauders
29:53 Husbandry
32:03 Bloodlines
31:29 Pikeman
35:29 Scale Mail Armor
cow
8:45 Loom
13:04 Feudal Age
17:42 Castle Age
15:56 Double-Bit Axe
16:45 Horse Collar
18:55 Bow Saw
18:48 Heavy Plow
19:47 Wheelbarrow
19:57 Wheelbarrow
20:59 Hand Cart
22:55 Gold Mining
28:45 Squires
28:31 Arson
29:20 Scale Mail Armor
29:30 Forging
31:57 Imperial Age
30:43 Chain Mail Armor
32:01 Iron Casting
32:04 Elite Fire Lancer
33:41 Plate Mail Armor
33:59 Guilds
34:14 Capped Ram
36:21 Siege Engineers
37:19 Chemistry
36:14 Spies/Treason
teo
5:35 Loom
15:49 Feudal Age
17:15 Double-Bit Axe
17:23 Gold Mining
18:49 Man-at-Arms
22:39 Fletching
26:07 Horse Collar
29:04 Padded Archer Armor
29:05 Scale Mail Armor
29:49 Forging
33:04 Town Watch
Gatherer
6:13 Loom
14:25 Feudal Age
16:24 Double-Bit Axe
19:34 Castle Age
18:56 Forging
18:38 Fletching
18:49 Padded Archer Armor
20:26 Bodkin Arrow
20:58 Bow Saw
21:40 Wheelbarrow
22:59 Thumb Ring
25:45 Husbandry
28:56 Ballistics
29:21 Leather Archer Armor
30:02 Bloodlines
36:56 Imperial Age
35:50 Hand Cart
35:54 Stone Mining
35:54 Gold Mining
35:54 Stone Mining
Connection lost

Rejoining the realm…

Still unreachable

The connection could not be restored.

Session expired

The server has moved on; the page needs a fresh start.